 Dungeon Crawl Stone Soup version 0.30-a0-715-gdb4ae3ece1 (webtiles) character file.

Game seed: 15965216045655023638

10 Khajeetofwinds the Sneak (level 2, 0/13 HPs)
             Began as a Spriggan Conjurer on Jan 23, 2023.
             Hit by a stone thrown by a kobold (2 damage)
             ... on level 2 of the Dungeon.
             The game lasted 00:10:37 (611 turns).

Khajeetofwinds the Sneak (Spriggan Conjurer)         Turns: 611, Time: 00:10:38

Health: 0/13       AC:  2    Str:  3    XL:     2   Next: 10%
Magic:  4/7        EV: 17    Int: 19    God:
Gold:   50         SH:  0    Dex: 13    Spells: 6/7 levels left

rFire   . . .      SeeInvis +    k - +0 whip
rCold   . . .      Faith    .    (no shield)
rNeg    . . .      Spirit   .    a - +0 robe
rPois   .          Reflect  .    (helmet restricted)
rElec   .          Harm     .    (no cloak)
rCorr   .          Rampage  .    (gloves unavailable)
Will    .....                    (boots unavailable)
Stlth   ++                       (no amulet)
HPRegen 0.22/turn                (no ring)
MPRegen 0.10/turn                (no ring)

@: weak-willed, very quick
A: very small, no large weapons, unfitting armour, see invisible, speed 3
a: no special abilities


You were on level 2 of the Dungeon.
You visited 1 branch of the dungeon, and saw 2 of its levels.

You collected 72 gold pieces.
You spent 22 gold pieces at shops.

Inventory:

Hand Weapons
 f - a +0 short sword
 k - a +0 whip (weapon)
Missiles
 g - 8 stones
 j - 5 boomerangs (quivered)
Armour
 a - a +0 robe (worn)
Scrolls
 c - 2 scrolls of identify
Potions
 b - 2 potions of magic


   Skills:
 + Level 0.0 Short Blades
 + Level 3.0 Dodging
 + Level 3.4 Stealth
 + Level 3.0 Spellcasting
 + Level 3.0 Conjurations


You had 6 spell levels left.
You knew the following spells:

 Your Spells              Type           Power      Damage    Failure   Level
a - Magic Dart            Conj           56%        1d5       4%          1

Your spell library contained the following spells:

 Spells                   Type           Power      Damage    Failure   Level
 Searing Ray              Conj           28%        2d5       7%          2
 Dazzling Flash           Conj/Hex       16%        N/A       24%         3
 Fulminant Prism          Conj/Hex       4%         3d5       63%         4
 Iskenderun's Mystic Bla  Conj/Tloc      8%         2d4       63%         4


Dungeon Overview and Level Annotations

Branches:
Dungeon (2/15)

Altars:

Shops:
D:2 ?

Annotations:
D:2 Jessica, Sigmund


Innate Abilities, Weirdness & Mutations

You are very small and have problems with some larger weapons.
You are too small for most types of armour.
You have supernaturally acute eyesight. (SInv)
You cover ground extremely quickly. (Speed+++)


Message History

Confirm with . or Enter, or press ? or * to list all spells.
Aiming: Magic Dart (safe; 4% risk of failure)
Press: ? - help, Shift-Dir - straight line, f/p - jackal
Aim: a jackal (heavily wounded, weak-willed, 100% to hit)
The magic dart hits the jackal but does no damage.
The jackal is heavily wounded.
The jackal closely misses you. The frilled lizard barely misses you.
The jackal misses you.
The frilled lizard is attracted toward you.
The jackal is attracted toward you. The endoplasm is attracted toward you.
Throw: 5 boomerangs
Press: ? - help, Q - select action, (/) - cycle Shift-Dir - straight line, f/p - jackal
Aim: a jackal (moderately wounded, weak-willed, 47% to hit)
You throw a boomerang.
The boomerang closely misses the frilled lizard.
The boomerang hits the jackal.
The jackal is heavily wounded.
The frilled lizard bites you.
* * * LOW HITPOINT WARNING * * *
The jackal misses you. The jackal is attracted toward you.
The jackal is attracted toward you. The jackal bites you.
* * * LOW HITPOINT WARNING * * *
The endoplasm is attracted toward you.
The frilled lizard is attracted toward you.
A kobold comes into view. It is wielding a +0 club.
The frilled lizard barely misses you. The jackal is attracted toward you.
The kobold is attracted toward you. The kobold is attracted toward you.
The kobold shouts!
You hear a shout!
The endoplasm is attracted toward you. The jackal is attracted toward you.
The kobold closely misses you. The jackal is attracted toward you. x2
The kobold is attracted toward you. The kobold closely misses you.
A kobold comes into view. It is wielding a +0 short sword.
The kobold is attracted toward you. The endoplasm is attracted toward you.
The jackal is attracted toward you. Something is attracted toward you.
The kobold is attracted toward you.
You feel less attractive to monsters.
The kobold throws a stone.
The stone hits you.
You die...

## #### ######### #.
..###.......#
#.#####.##...####.#
#.@.K##.#......##.#
#..#.Jhhl§§....##.#
#..####.#......##.#
..... .§.##.§.......
#.##K##§############J
#. #.##. ####. # .§##
#.... ..# #.##.
###.##.


You could see an endoplasm (weak-willed), a jackal (weak-willed) and 2 kobolds.

Vanquished Creatures
  A dart slug (D:1)
  An endoplasm (D:1)
  A hobgoblin (D:1)
  2 bats (D:1)
  4 kobolds (D:1)
  A toadstool (D:1)
10 creatures vanquished.

Vanquished Creatures (others)
  A plant (D:1)
  3 toadstools (D:1)
4 creatures vanquished.

Grand Total: 14 creatures vanquished

Notes
Turn   | Place    | Note
-------+----------+-------------------------------------------
     0 | D:1      | Khajeetofwinds the Spriggan Conjurer began the quest for
                  | the Orb.
     0 | D:1      | Reached XP level 1. HP: 9/9 MP: 5/5
   383 | D:1      | Reached XP level 2. HP: 13/13 MP: 1/6
   533 | D:2      | Found Laklevur's Magic Scroll Shop.
   533 | D:2      | Noticed Jessica
   540 | D:2      | Bought a scroll of identify for 22 gold pieces
   544 | D:2      | Noticed Sigmund
   611 | D:2      | Hit by a stone thrown by a kobold

Illustrated notes

Levels and vault maps discovered:
D:1:      ldierk_walled_garden_2, layout_rooms
D:2:      layout_loops_cross, serial_shops, nicolae_lakefront_shop,
          nicolae_shop_hallway_plus, nicolae_shop_hallway_plus,
          nicolae_diamond_shop, minmay_tetromino_l4, uniq_jessica, uniq_sigmund

Skill      XL: |  1  2 |
---------------+-------+-----
Conjurations   | 3 |  3.0
Dodging        | 3 |  3.0
Spellcasting   | 3 |  3.0
Stealth        | |  3.4

Action                     || total
---------------------------++-------
  Melee: Unarmed           ||    11
         Punch             ||     1
         Whip              ||     2
  Throw: Boomerang         ||     2
   Cast: Magic Dart        ||    23
    Use: Potion            ||     4
         Scroll            ||     3
   Stab: Sleeping          ||     1
 Armour: Robe              ||     5
  Dodge: Dodged            ||    30

Table legend: (Time is in decaauts)
 A = Elapsed time spent in this place.
 B = Non-inter-level travel time spent in this place.
 C = Inter-level travel time spent in this place.
 D = Time resting spent in this place.
 E = Time spent auto-exploring this place.
 F = Levels seen in this place.
 G = Mean time per level.
                   A        B        C        D        E       F      G
               +--------+--------+--------+--------+--------+-----+--------+
         Total |    395 |    392 |      3 |      0 |      0 |   2 |  197.5 |
       Dungeon |    395 |    392 |      3 |      0 |      0 |   2 |  197.5 |
               +--------+--------+--------+--------+--------+-----+--------+

Top non-repeatable levels by time:
     D:1: 339 daAuts
     D:2: 56 daAuts
